 Dungeon Crawl Stone Soup version 0.27-a0-543-gd81048afd2 (webtiles) character file.

Game seed: 10018580876604028177

3236 Gaff the Tainter (level 9, -2/58 HPs)
             Began as a Demonspawn Venom Mage on Mar 7, 2021.
             Was an Initiate of Gozag.
             Slain by a wolf (10 damage)
             ... led by Grum
             ... on level 8 of the Dungeon.
             The game lasted 00:36:54 (10084 turns).

Gaff the Tainter (Demonspawn Venom Mage)           Turns: 10084, Time: 00:36:54

Health: -2/58      AC:  8    Str:  8    XL:     9   Next: 66%
Magic:  15/21      EV: 13    Int: 21    God:    Gozag
Gold:   762        SH:  5    Dex: 13    Spells: 18/25 levels left

rFire    . . .     SeeInvis .   a - +2 dagger (drain)
rCold    . . .     Faith    .   (no shield)
rNeg     . . .     Spirit   .   o - +0 robe
rPois    +         Reflect  +   z - +0 helmet
rElec    .         Harm     .   h - +0 cloak
rCorr    .         Rampage  .   (no gloves)
Will     .....                  (no boots)
Stlth    ++........             q - amulet of reflection
HPRegen  0.19/turn              f - ring of poison resistance
MPRegen  0.17/turn              (no ring)

@: no status effects
A: slimy green scales 3, powered by death 1, demonic magic 1
a: Renounce Religion, Potion Petition, Call Merchant, Bribe Branch


You were on level 8 of the Dungeon.
You worshipped Gozag.
Gozag was pleased with you.
You visited 2 branches of the dungeon, and saw 9 of its levels.

You collected 877 gold pieces.
You spent 32 gold pieces at shops.
You paid 83 gold pieces to Gozag.

Inventory:

Hand Weapons
 a - a +2 dagger of draining (weapon)
 b - a +2 vorpal hand axe
 p - a +4 dagger
 C - a +1 dagger of draining
 D - a +2 dagger of venom
 F - a +1 whip of flaming
 K - a +0 short sword of speed
Armour
 h - a +0 cloak (worn)
 o - a +0 robe (worn)
 z - a +0 helmet (worn)
 M - a +0 pair of boots
Jewellery
 f - a ring of poison resistance (left hand)
 q - an amulet of reflection (around neck)
 r - a ring of ice
 B - a ring of ice
 I - a ring of see invisible
Wands
 y - a wand of iceblast (3)
 G - a wand of flame (18)
Scrolls
 d - 3 scrolls of amnesia {unknown}
 i - 3 scrolls of blinking {unknown}
 l - 4 scrolls of noise {unknown}
 m - 3 scrolls of teleportation
 n - a scroll of magic mapping {unknown}
 t - 3 scrolls of enchant weapon {unknown}
 w - 2 scrolls of fear {unknown}
 x - a scroll of fog
 A - a scroll of immolation
 E - a scroll of enchant armour
 J - a scroll of vulnerability {unknown}
Potions
 c - a potion of flight
 e - a potion of degeneration
 g - 3 potions of attraction
 j - 5 potions of lignification {unknown}
 k - a potion of might
 s - 3 potions of heal wounds
 u - 3 potions of curing {unknown}
 v - a potion of mutation {unknown}
 H - 2 potions of resistance {unknown}
 L - a potion of brilliance {unknown}


   Skills:
 + Level 0.9 Fighting
 - Level 0.3 Short Blades
 - Level 0.2 Polearms
 + Level 3.2 Dodging
 - Level 3.0 Stealth
 - Level 2.4 Shields
 - Level 0.3 Unarmed Combat
 + Level 8.7 Spellcasting
 - Level 0.8 Transmutations
 - Level 1.8 Air Magic
 + Level 8.8 Poison Magic


You had 18 spell levels left.
You knew the following spells:

 Your Spells              Type           Power      Damage    Failure   Level
a - Sting                 Tmut/Pois      100%       1d8       1%          1
b - Poisonous Vapours     Pois/Air       62%        N/A       1%          2
c - Olgreb's Toxic Radia  Pois           46%        N/A       1%          4

Your spell library contained the following spells:

 Spells                   Type           Power      Damage    Failure   Level
 Mephitic Cloud           Conj/Pois/Air  24%        N/A       4%          3
 Ignite Poison            Fire/Tmut/Pois 22%        N/A       6%          3
 Conjure Flame            Conj/Fire      9%         6-21      22%         3
 Freezing Cloud           Conj/Ice/Air   5%         6-21      100%        6


Dungeon Overview and Level Annotations

Branches:
Dungeon (8/15)             Temple (1/1) D:5
   Lair: D:8-11

Altars:
Ashenzari
Cheibriados
Dithmenos
Elyvilon
Fedhas
Gozag
Hepliaklqana
Kikubaaqudgha
Makhleb
Nemelex Xobeh
Okawaru
Qazlal
Ru
Sif Muna
Trog
Uskayaw
Vehumet
Wu Jian
Xom
Yredelemnul
Zin
The Shining One

Shops:
D:5 =::   D:6 *

Annotations:
D:5 Dowan, Duvessa
D:8 Grum


Innate Abilities, Weirdness & Mutations

You are completely covered in slimy green scales. (AC +4, rPois)
You regenerate a little health from kills.
Spells you cast may paralyse adjacent enemies.


Message History

Grum looks more healthy.
Grum hits you from afar with a +0 halberd!!
Ouch! That really hurt!
Casting: Poisonous Vapours (safe; 1% risk of failure)
Confirm with . or Enter, or press ? or * to list all spells.
Aiming: Poisonous Vapours (safe; 1% risk of failure)
Press: ? - help, Dir - move target, f/p - Grum
Aim: Grum, wielding a +0 halberd and wearing a +0 animal skin (moderately wounded) Poisonous vapours surround Grum!
Malevolent energies surge around you.
The wolf is no longer paralysed.
The wolf closely misses you. You block the wolf's attack.
Grum is engulfed in poison gas.
Grum is poisoned.
Grum closely misses you.
Casting: Poisonous Vapours (safe; 1% risk of failure)
Confirm with . or Enter, or press ? or * to list all spells.
Aiming: Poisonous Vapours (safe; 1% risk of failure)
Press: ? - help, Dir - move target, f/p - Grum
Aim: Grum, wielding a +0 halberd and wearing a +0 animal skin (poison gas, heavily wounded, poisoned)
The poisonous vapours increase!
Malevolent energies surge around you. The wolf bites you but does no damage.
The wolf bites you.
Grum is engulfed in poison gas.
Grum looks even sicker.
Grum hits you from afar with a +0 halberd!
* * * LOW HITPOINT WARNING * * *
The wolf barely misses you. You block the wolf's attack.
There is an open door here.
The wolf bites you but does no damage. The wolf bites you.
* * * LOW HITPOINT WARNING * * *
The wolf looks more healthy.
The wolf bites you.
* * * LOW HITPOINT WARNING * * *
An orc priest comes into view. It is wielding a +0 flail.
The wolf barely misses you.
The orc priest moves out of view.
The wolf bites you but does no damage.
An orc comes into view. It is wielding a +0 flail.
The wolf bites you but does no damage.
An orc comes into view. It is wielding a +0 mace.
The orc priest shouts!
The orc shouts! x2
The wolf bites you!
You die...
Your body crumbles into a pile of gold.

.....######........#####)#####
.....# #.......##..##.# .....#
#.......#...)..# ..≈...
#.......#......# ..≈≈.#
######..#......#### .....#
#######g.##).##....### ......
.......h..####......># #.
#######h### #####.###
#.########@# #.# #..........#
#.# ......o...)# #.#
#........<# #.# #..o......#
#.# #......o..# #.#
#.....)...# #.# ###########
#.# #.#


You could see Grum (poisoned), 2 wolves, an orc priest and 2 orcs.

Vanquished Creatures
  A two-headed ogre (D:7)
  Pikel (D:5)
  A wyvern (D:7)
  A water moccasin (D:7)
  2 sky beasts
  A black bear (D:7)
  An orc warrior (D:8)
  A necrophage (D:7)
  3 ogres
  A centaur (D:7)
  4 lemures (D:5)
  2 bullfrogs
  3 scorpions
  5 orc priests
  A centaur zombie (D:5)
  2 hounds
  2 bullfrog skeletons
  7 orc wizards
  4 worker ants
  A hound zombie (D:6)
  2 hound skeletons
  A worker ant zombie (D:5)
  9 adders
  2 shadow imps
  3 ufetubi
  An adder skeleton (D:8)
  5 worms
  4 dart slugs
  4 leopard geckos
  31 orcs
  3 giant cockroaches
  9 goblins
  11 hobgoblins
  9 jackals
  A kobold (D:3)
  3 quokkas
  3 ball pythons
  4 bats
  4 frilled lizards
  5 rats
158 creatures vanquished.

Notes
Turn   | Place    | Note
-------+----------+-------------------------------------------
     0 | D:1      | Gaff the Demonspawn Venom Mage began the quest for the Orb.
     0 | D:1      | Reached XP level 1. HP: 13/13 MP: 3/3
   439 | D:1      | Gained mutation: You are partially covered in slimy green
                  | scales. (AC +2) [demonic ancestry]
   439 | D:1      | Reached XP level 2. HP: 19/19 MP: 1/5
  1223 | D:2      | Reached XP level 3. HP: 24/24 MP: 6/6
  1471 | D:2      | Gained mutation: You regenerate a little health from kills.
                  | [demonic ancestry]
  1471 | D:2      | Reached XP level 4. HP: 28/30 MP: 1/8
  2207 | D:3      | Found an iron altar of Okawaru.
  2630 | D:3      | Learned a level 2 spell: Poisonous Vapours
  2888 | D:4      | Reached XP level 5. HP: 34/35 MP: 7/9
  2925 | D:4      | Learned a level 4 spell: Olgreb's Toxic Radiance
  3103 | D:3      | Found a basalt altar of Yredelemnul.
  3105 | D:3      | Found a sparkling altar of Nemelex Xobeh.
  3105 | D:3      | Found a hazy altar of Hepliaklqana.
  3584 | D:4      | Noticed an ogre
  3607 | D:3      | Killed an ogre
  3608 | D:3      | Reached skill level 1 in Air Magic
  3608 | D:3      | Gained mutation: Spells you cast may paralyse adjacent
                  | enemies. [demonic ancestry]
  3608 | D:3      | Reached XP level 6. HP: 41/41 MP: 4/11
  4794 | D:5      | Entered Level 5 of the Dungeon
  4836 | D:5      | Reached skill level 1 in Shields
  4836 | D:5      | Reached skill level 5 in Poison Magic
  4985 | D:5      | Found a staircase to the Ecumenical Temple.
  4987 | D:5      | Noticed a sky beast
  4994 | Temple   | Entered the Ecumenical Temple
  5253 | Temple   | Became a worshipper of Gozag Ym Sagoz the Greedy
  5286 | D:5      | Reached XP level 7. HP: 45/46 MP: 8/13
  5416 | D:5      | Found Delasool's Book Shoppe.
  5428 | D:5      | Reached skill level 5 in Spellcasting
  5516 | D:5      | Noticed Pikel
  5642 | D:5      | Killed Pikel
  5643 | D:5      | Gained mutation: You are mostly covered in slimy green
                  | scales. (AC +3) [demonic ancestry]
  5643 | D:5      | Reached XP level 8. HP: 40/52 MP: 3/17
  5763 | D:5      | Found Ruesuimi's Book Shop.
  6117 | D:5      | Noticed Duvessa
  6117 | D:5      | Noticed Dowan
  6179 | D:5      | Found Wamaegoj's Jewellery Shop.
  7244 | D:6      | Noticed Menkaure
  7857 | D:6      | Found a stormy altar of Qazlal.
  7901 | D:6      | Found Waunnuph's Assorted Antiques.
  7918 | D:6      | Bought a scroll labelled VERHY DUEGEADI for 32 gold pieces
  8614 | D:7      | Found a sacrificial altar of Ru.
  8671 | D:7      | Found a snail-covered altar of Cheibriados.
  9111 | D:7      | Gained mutation: You are completely covered in slimy green
                  | scales. (AC +4, rPois) [demonic ancestry]
  9111 | D:7      | Reached XP level 9. HP: 42/57 MP: 20/20
  9646 | D:8      | Noticed a two-headed ogre
  9661 | D:7      | Killed a two-headed ogre
 10058 | D:8      | Noticed Grum
 10084 | D:8      | Slain by a wolf

Illustrated notes

Levels and vault maps discovered:
D:1:      dpeg_arrival_tiny_i, layout_basic, minmay_misc_feat_tower
D:2:      minmay_inner_zag, layout_loops_ring, minmay_misc_feat_room,
          kennysheep_path_1
D:3:      cheibrodos_greedy_goblins, layout_basic,
          gammafunk_temple_overflow_forgotten, grunt_ministairs_2,
          minmay_tree_intersection, minmay_misc_feat_encased,
          minmay_misc_feat_enclosed, kennysheep_okawaru_gauntlet
D:4:      layout_rooms, grunt_decor_arrowhead, hangedman_decor_riveting,
          kennysheep_pointless_box, hex_tiny
D:5:      layout_layer_cave, minmay_temple_entry_overgrown, serial_shops, shop,
          nicolae_shop_behind_doors, shop, uniq_pikel, uniq_duvessa
D:6:      layout_loops_ring, grunt_qazlal_sundering, marbit_many_paths,
          serial_shops, shop, uniq_menkaure
D:7:      layout_loops_corners, cheibriados_altar_1, nicolae_ru_path_of_blood
D:8:      layout_basic, eino_small_chamber_without_monster, uniq_grum
Temple:   regret_index_temple_sphere_string

Skill      XL: |  1  2  3  4  5  6  7  8  9 |
---------------+----------------------------+-----
Stealth        | 2 3 |  3.0
Dodging        | 2 3 |  3.2
Poison Magic   | 4 5 6 7 8 |  8.8
Spellcasting   | 3 4 6 7 8 |  8.7
Air Magic      | 1 |  1.8
Shields        | 1 2 |  2.4
Fighting       | |  0.9
Short Blades   | |  0.3
Polearms       | |  0.2
Unarmed Combat | |  0.3
Transmutations | |  0.8

Action                   |  1- 3 |  4- 6 |  7- 9 || total
-------------------------+-------+-------+-------++-------
Melee: Unarmed           |     6 |       |       ||     6
       Spear             |    17 |       |       ||    17
       Dagger            |    21 |    78 |   269 ||   368
       Punch             |     1 |       |       ||     1
 Cast: Sting             |    36 |    60 |    15 ||   111
       Poisonous Vapours |       |    31 |    63 ||    94
       Olgreb's Toxic Ra |       |     3 |     7 ||    10
  Use: Scroll            |       |     4 |     7 ||    11
 Stab: Sleeping          |     2 |     3 |     4 ||     9
       Distracted        |     1 |       |       ||     1
       Paralysed         |       |     3 |    17 ||    20
Armor: Robe              |    22 |    23 |    91 ||   136
Dodge: Dodged            |    43 |    62 |   153 ||   258
Block: Other             |       |    32 |    63 ||    95
       Reflection        |       |     2 |     2 ||     4

Table legend: (Time is in decaauts)
 A = Elapsed time spent in this place.
 B = Non-inter-level travel time spent in this place.
 C = Inter-level travel time spent in this place.
 D = Time resting spent in this place.
 E = Time spent auto-exploring this place.
 F = Levels seen in this place.
 G = Mean time per level.
                   A        B        C        D        E       F      G
               +--------+--------+--------+--------+--------+-----+--------+
         Total |  10089 |   9731 |    358 |   2814 |   4238 |   9 | 1121.0 |
       Dungeon |   9767 |   9483 |    284 |   2779 |   4032 |   8 | 1220.9 |
        Temple |    322 |    248 |     74 |     35 |    206 |   1 |  322.0 |
               +--------+--------+--------+--------+--------+-----+--------+

Top non-repeatable levels by time:
     D:5: 1922 daAuts
     D:2: 1473 daAuts
     D:3: 1389 daAuts
     D:7: 1384 daAuts
     D:6: 1284 daAuts
     D:4: 1063 daAuts
     D:1: 871 daAuts
     D:8: 378 daAuts
  Temple: 322 daAuts
